 Dungeon Crawl Stone Soup version 0.22.0-6-g71bd7aa6b3 (webtiles) character file.

254 IceCat the Chiller (level 5, -2/28 HPs)
             Began as a Deep Elf Ice Elementalist on Aug 16, 2018.
             Was an Initiate of Sif Muna.
             Slain by Edmund
             ... wielding a +4 dire flail of protection
              (11 damage)
             ... on level 3 of the Dungeon.
             The game lasted 00:16:02 (3117 turns).

IceCat the Chiller (Deep Elf Ice Elementalist)      Turns: 3117, Time: 00:16:02

Health: -2/28      AC:  4    Str:  5    XL:     5   Next: 91%
Magic:  3/13       EV: 14    Int: 21    God:    Sif Muna [......]
Gold:   119        SH:  0    Dex: 15    Spells: 1/12 levels left

rFire    . . .     SeeInvis .   h - +4 dagger
rCold    . . .     Gourm    .   (no shield)
rNeg     + . .     Faith    .   a - +1 robe
rPois    .         Spirit   .   (no helmet)
rElec    .         Reflect  .   (no cloak)
rCorr    .         Harm     .   (no gloves)
MR       .....                  i - +0 pair of boots
Stlth    +++.......             (no amulet)
HPRegen  0.09/turn              o - ring of flight
MPRegen  0.13/turn              t - ring of positive energy

@: no status effects
A: no striking features
a: Renounce Religion, Evoke Flight


You were on level 3 of the Dungeon.
You worshipped Sif Muna.
Sif Muna was noncommittal.
You were very hungry.

You visited 1 branch of the dungeon, and saw 4 of its levels.
You also visited: Sewer.

You collected 119 gold pieces.

Inventory:

Hand Weapons
 h - a +4 dagger (weapon)
Armour
 a - a +1 robe (worn)
 i - a +0 pair of boots (worn)
Jewellery
 o - a ring of flight (left hand)
 t - a ring of positive energy (right hand)
Scrolls
 d - a scroll of identify
 e - a scroll of fear
 g - 2 scrolls of enchant armour
 j - 3 scrolls of teleportation
 n - a scroll of random uselessness {unknown}
 q - a scroll of amnesia {unknown}
 r - 2 scrolls of remove curse
Potions
 f - a potion of ambrosia {unknown}
 k - a potion of haste {unknown}
 l - 2 potions of degeneration {unknown}
 m - a potion of lignification {unknown}
 p - a potion of agility {unknown}
 s - a potion of curing {unknown}
Comestibles
 c - 6 rations


   Skills:
 + Level 3.5 Dodging
 + Level 4.0 Stealth
 + Level 4.4 Spellcasting
 * Level 2.8 Conjurations
 + Level 0.0 Summonings
 * Level 4.9 Ice Magic


You had one spell level left.
You knew the following spells:

 Your Spells              Type           Power        Failure   Level  Hunger
a - Freeze                Ice            ####         1%          1    None
b - Throw Frost           Conj/Ice       ###...       3%          2    #......
c - Throw Icicle          Conj/Ice       ###.....     24%         4    ####...
d - Summon Ice Beast      Ice/Summ       ###.....     38%         4    ####...

Your spell library contained the following spells:

 Spells                   Type           Power        Failure   Level  Hunger
 Ozocubu's Armour         Chrm/Ice       ##......     13%         3    ##.....


Dungeon Overview and Level Annotations

Branches:
Dungeon (4/15)
 Temple: D:4-7

Altars:
Ashenzari
Gozag
Kikubaaqudgha
Nemelex Xobeh
Sif Muna
Yredelemnul

Annotations:
D:3 Edmund


Message History

Aiming: Throw Icicle (slightly dangerous; 24% risk of failure)
Press: ? - help, Shift-Dir - straight line, f/p - Edmund
Aim: Edmund, wielding a dire flail of protection and wearing a shiny scale mail (heavily wounded)
You miscast Throw Icicle.
You are very lightly contaminated with residual magic.
You feel a strange surge of energy!
Edmund hits you with a dire flail of protection.
Your magical contamination has completely faded away.
Casting: Throw Icicle (slightly dangerous; 24% risk of failure)
Confirm with . or Enter, or press ? or * to list all spells.
Aiming: Throw Icicle (slightly dangerous; 24% risk of failure)
Press: ? - help, Shift-Dir - straight line, f/p - Edmund
Aim: Edmund, wielding a dire flail of protection and wearing a shiny scale mail (heavily wounded)
The shard of ice hits Edmund.
Edmund partially resists.
Edmund is severely wounded.
You are feeling very hungry.
Edmund hits you with a dire flail of protection.
* * * LOW HITPOINT WARNING * * *
Edmund hits you with a dire flail of protection!
You die...

.####.###................#
.........#..............##
..........#......#.....##
#...........####.########
#....)..................##
.[...<.....#####.######..#
.....).....# #.# ##.#
...........# #@# #.#
.#........#### #@# #.#
.#..)...>....# #.# #.#
...........#.###.# #.#
...........#..##.# #.#
...........##.##.# #.#
............#.##.# #.#
........>...#....##### #.#
.#........#.#........# #.#
..#......##..........# #.#


You could see Edmund.

Vanquished Creatures
  Purgy (Sewer)
  An orc priest (D:3)
  5 adders
  An ooze (D:1)
  2 dart slugs
  2 worms
  3 leopard geckos
  2 orcs
  2 ball pythons
  9 giant cockroaches
  5 goblins
  2 hobgoblins
  7 jackals (D:2)
  7 bats
  2 frilled lizards
  10 kobolds
  7 rats
68 creatures vanquished.

Notes
Turn   | Place    | Note
-------+----------+-------------------------------------------
     0 | D:1      | IceCat the Deep Elf Ice Elementalist began the quest for the Orb.
     0 | D:1      | Reached XP level 1. HP: 10/10 MP: 6/6
    89 | D:1      | Reached XP level 2. HP: 14/15 MP: 1/8
   198 | D:1      | Learned a level 2 spell: Throw Frost
   803 | D:2      | Reached XP level 3. HP: 16/19 MP: 2/10
  1677 | D:3      | Found a glowing drain.
  1683 | D:3      | Reached XP level 4. HP: 18/24 MP: 1/11
  1724 | Sewer    | Entered a sewer
  1814 | Sewer    | Noticed Purgy
  2082 | Sewer    | Killed Purgy
  2082 | Sewer    | Reached XP level 5. HP: 9/28 MP: 5/13
  2422 | D:3      | Found an opulent altar of Gozag.
  2422 | D:3      | Found a basalt altar of Yredelemnul.
  2429 | D:3      | Found an ancient bone altar of Kikubaaqudgha.
  2431 | D:3      | Found a faded altar of an unknown god.
  2432 | D:3      | Found a deep blue altar of Sif Muna.
  2444 | D:3      | Became a worshipper of Sif Muna the Loreminder
  2769 | D:3      | Found a shattered altar of Ashenzari.
  2769 | D:3      | Found a sparkling altar of Nemelex Xobeh.
  2817 | D:3      | Learned a level 4 spell: Throw Icicle
  2822 | D:3      | Learned a level 4 spell: Summon Ice Beast
  2914 | D:4      | Noticed Edmund
  3117 | D:3      | Slain by Edmund

Skill      XL: |  1  2  3  4  5 |
---------------+----------------+-----
Stealth        | 3 4 |  4.0
Ice Magic      | 4 |  4.9
Dodging        | 3 |  3.5
Spellcasting   | 4 |  4.4
Conjurations   | 2 |  2.8

Action                   |  1- 3 |  4- 6 || total
-------------------------+-------+-------++-------
Melee: Short sword       |     1 |       ||     1
       Dagger            |       |    17 ||    17
 Cast: Freeze            |    48 |    20 ||    68
       Throw Frost       |    23 |    30 ||    53
       Throw Icicle      |       |     3 ||     3
       Summon Ice Beast  |       |     2 ||     2
 Abil: Evoke Flight      |       |     2 ||     2
  Use: Scroll            |     8 |       ||     8
  Eat: Chunk             |     2 |     6 ||     8
Armor: Robe              |     8 |    11 ||    19
Dodge: Dodged            |    23 |    21 ||    44
